 Dungeon Sprint DCSS version 0.27-a0-1287-gca74d27db6 (webtiles) character file.

Game seed: 12219591222674684302

1218 mhtbhm the Basher (level 8, -11/99 HPs)
             Began as an Octopode Berserker on June 14, 2021.
             Was an Elder of Trog.
             Mangled by a centaur warrior (12 damage)
             ... in the Dungeon (Sprint I: "Red Sonja").
             The game lasted 00:01:14 (744 turns).

mhtbhm the Basher (Octopode Berserker)               Turns: 744, Time: 00:01:15

Health: -11/99     AC:  1    Str: 19    XL:     8   Next: 46%
Magic:  8/8        EV: 16    Int:  9    God:    Trog [****..]
Gold:   405        SH:  0    Dex: 11    Spells: 7/7 levels left

rFire    . . .     SeeInvis .   a - +0 mace
rCold    . . .     Faith    .   (no shield)
rNeg     . . .     Spirit   .   (helmet restricted)
rPois    .         Reflect  .   (no amulet)
rElec    .         Harm     .   (no ring)
rCorr    .         Rampage  .   (no ring)
Will     .....     NoTele   +   (no ring)
Stlth    ..........             (no ring)
HPRegen  0.26/turn              (no ring)
MPRegen  0.11/turn              (no ring)
                                (no ring)
                                (no ring)

@: berserking, very quick
A: almost no armour, amphibious, 8 rings, camouflage 1, gelatinous body 1,
(nimble swimmer 1), tentacles
a: Renounce Religion, Berserk, Trog's Hand, Brothers in Arms


You were in the Dungeon.
You worshipped Trog.
Trog was greatly pleased with you.
You visited 1 branch You collected 405 gold pieces.

Inventory:

Hand Weapons
 a - a +0 mace (weapon)
Wands
 h - a wand of polymorph (6)
Scrolls
 g - a scroll of blinking
Potions
 b - a potion of curing
 d - a potion of haste
 e - 2 potions of magic
 f - a potion of berserk rage


   Skills:
 + Level 10.7 Fighting
 + Level 11.2 Maces & Flails
 + Level 9.6 Dodging
 + Level 4.6 Stealth
 + Level 3.5 Unarmed Combat


You had 7 spell levels left.
You didn't know any spells.
Your spell library was empty.

Dungeon Overview and Level Annotations

Branches:
Dungeon (1/1)

Altars:
Cheibriados
Dithmenos
Elyvilon
Fedhas
Gozag
Hepliaklqana
Kikubaaqudgha
Makhleb
Nemelex Xobeh
Okawaru
Qazlal
Ru
Sif Muna
Trog
Uskayaw
Vehumet
Wu Jian
Xom
Yredelemnul
Zin
The Shining One
Jiyva
Lugonu

Shops:
D :


Innate Abilities, Weirdness & Mutations

You cannot wear most types of armour.
You are amphibious.
You can wear up to eight rings at the same time.
Your skin changes colour to match your surroundings (Stealth+).
Your rubbery body absorbs attacks. (AC +1, EV +1)
((You are camouflaged near water. (Stealth+)))
You have tentacles for arms and can constrict up to eight enemies at once.


Message History

A centaur warrior comes into view.
Okay, then.
The centaur warrior shouts!
The centaur warrior wields a +0 shortbow.
The centaur warrior shoots an arrow.
The arrow hits you!
Found a potion of haste.
Unknown command.
The centaur warrior unwields a +0 shortbow.
The centaur warrior hits you! The centaur warrior closely misses you.
The centaur warrior hits you but does no damage.
The centaur warrior closely misses you. The centaur warrior hits you!
The centaur warrior kicks you. The centaur warrior hits you.
The centaur warrior kicks you.
Unknown command.
You feel much better. The centaur warrior hits you!
The centaur warrior closely misses you. The centaur warrior hits you!
The centaur warrior barely misses you.
A red film seems to cover your vision as you go berserk!
You feel yourself moving faster!
You feel mighty! The centaur warrior closely misses you.
The centaur warrior kicks you. The centaur warrior closely misses you.
The centaur warrior kicks you.
* * * LOW HITPOINT WARNING * * *
The centaur warrior barely misses you. x2; The centaur warrior hits you.
* * * LOW HITPOINT WARNING * * *
The centaur warrior completely misses you.
You hit the centaur warrior.
Your squeeze misses the centaur warrior.
The centaur warrior is lightly wounded.
You hit the centaur warrior.
The centaur warrior is lightly wounded.
The centaur warrior hits you!
* * * LOW HITPOINT WARNING * * *
The centaur warrior closely misses you. The centaur warrior hits you!
* * * LOW HITPOINT WARNING * * *
The centaur warrior barely misses you. The centaur warrior hits you.
* * * LOW HITPOINT WARNING * * *
The centaur warrior kicks you.
* * * LOW HITPOINT WARNING * * *
The centaur warrior hits you!
You die...

#######################
#..)..#..'..#__#..')..#
').#..').#..'^.'..#)..#
#####'#####'#__####...+
####..#...#[####§§#####
#__####..##)#≈§§@c#
#_____##'#_.'§§§c.+
#_.∩...÷..._#§§§§§#
#_..__##_.#'##+####
#_____###+#(# #######
###


You could see 2 centaur warriors.

Vanquished Creatures
  2 kobold demonologists (D)
  A slime creature (D)
  Sigmund (D)
  A yak (D)
  A floating eye (D)
  An ogre (D)
  A jelly (D)
  Ijyb (D)
9 creatures vanquished.

Notes
Turn   | Place    | Note
-------+----------+-------------------------------------------
     0 | D        | mhtbhm the Octopode Berserker began the quest for the Orb.
     0 | D        | Reached XP level 1. HP: 16/16 MP: 1/1
     1 | D        | Noticed Ijyb
    11 | D        | Killed Ijyb
    12 | D        | Reached skill level 4 in Maces & Flails
    12 | D        | Reached XP level 2. HP: 23/23 MP: 2/2
    50 | D        | Noticed an ogre
    53 | D        | Killed an ogre
    54 | D        | Reached skill level 6 in Maces & Flails
    54 | D        | Reached skill level 5 in Dodging
    54 | D        | Reached skill level 1 in Unarmed Combat
    54 | D        | Reached XP level 3. HP: 30/30 MP: 3/3
    54 | D        | Reached XP level 4. HP: 36/36 MP: 4/4
   134 | D        | Noticed Sigmund
   139 | D        | Killed Sigmund
   139 | D        | Reached ** piety under Trog
   140 | D        | Reached skill level 7 in Maces & Flails
   140 | D        | Reached XP level 5. HP: 44/44 MP: 5/5
   140 | D        | Reached XP level 6. HP: 50/50 MP: 6/6
   263 | D        | Found an ornate altar of the Wu Jian Council.
   263 | D        | Found a shimmering blue altar of Sif Muna.
   265 | D        | Found a radiant altar of Vehumet.
   272 | D        | Reached skill level 8 in Maces & Flails
   272 | D        | Reached skill level 1 in Stealth
   367 | D        | Found Babumeg's Book Emporium.
   367 | D        | Found an ancient bone altar of Kikubaaqudgha.
   367 | D        | Found a hazy altar of Hepliaklqana.
   367 | D        | Found a stormy altar of Qazlal.
   367 | D        | Found a hide-covered altar of Uskayaw.
   367 | D        | Found a blossoming altar of Fedhas.
   367 | D        | Found a bloodstained altar of Trog.
   367 | D        | Found an iron altar of Okawaru.
   367 | D        | Found a basalt altar of Yredelemnul.
   367 | D        | Found a glowing golden altar of the Shining One.
   367 | D        | Found a snail-covered altar of Cheibriados.
   367 | D        | Found a sacrificial altar of Ru.
   367 | D        | Found a glowing silver altar of Zin.
   367 | D        | Found a shadowy altar of Dithmenos.
   367 | D        | Found a white marble altar of Elyvilon.
   367 | D        | Noticed a yak
   373 | D        | Killed a yak
   374 | D        | Reached skill level 9 in Maces & Flails
   374 | D        | Reached XP level 7. HP: 57/57 MP: 7/7
   374 | D        | Found an opulent altar of Gozag.
   375 | D        | Found a sparkling altar of Nemelex Xobeh.
   529 | D        | Found a burning altar of Makhleb.
   529 | D        | Found a viscous altar of Jiyva.
   529 | D        | Found a shimmering altar of Xom.
   529 | D        | Found a corrupted altar of Lugonu.
   529 | D        | Noticed a slime creature
   537 | D        | Killed a slime creature
   537 | D        | Reached *** piety under Trog
   676 | D        | Noticed a kobold demonologist
   677 | D        | Noticed a kobold demonologist
   680 | D        | Reached skill level 10 in Maces & Flails
   681 | D        | Noticed an orange demon
   681 | D        | Killed a kobold demonologist
   682 | D        | Reached skill level 10 in Fighting
   682 | D        | Reached XP level 8. HP: 65/65 MP: 8/8
   686 | D        | Killed a kobold demonologist
   686 | D        | Reached **** piety under Trog
   687 | D        | Reached skill level 11 in Maces & Flails
   735 | D        | Noticed a centaur warrior
   739 | D        | Noticed a centaur warrior
   744 | D        | HP: 1/99 [centaur warrior (5)]
   744 | D        | Mangled by a centaur warrior

Illustrated notes

Levels and vault maps discovered:
D:        dungeon_sprint_1 [red_sonja_temple_1, red_sonja_temple_small_1]

Skill      XL: |  1  2  3  4  5  6  7  8 |
---------------+-------------------------+-----
Fighting       | 4 6 7 9 10 | 10.7
Maces & Flails | 4 6 7 9 10 11 | 11.2
Dodging        | 4 5 7 8 9 |  9.6
Unarmed Combat | 1 2 3 |  3.5
Stealth        | 2 4 |  4.6

Action                   |  1- 3 |  4- 6 |  7- 9 || total
-------------------------+-------+-------+-------++-------
Melee: Unarmed           |     5 |       |       ||     5
       Mace              |     5 |    10 |    17 ||    32
       Constrict         |     1 |     1 |     3 ||     5
       Tentacles         |     1 |     1 |     5 ||     7
Invok: Berserk           |     2 |     3 |     3 ||     8
  Use: Potion            |       |       |     1 ||     1
 Stab: Sleeping          |       |     1 |       ||     1
Armor: Skin              |       |       |     1 ||     1
Dodge: Dodged            |     1 |     4 |    16 ||    21

Table legend: (Time is in decaauts)
 A = Elapsed time spent in this place.
 B = Non-inter-level travel time spent in this place.
 C = Inter-level travel time spent in this place.
 D = Time resting spent in this place.
 E = Time spent auto-exploring this place.
 F = Levels seen in this place.
 G = Mean time per level.
                   A        B        C        D        E       F      G
               +--------+--------+--------+--------+--------+-----+--------+
         Total |    797 |    797 |      0 |    633 |      1 |   1 |  797.0 |
       Dungeon |    797 |    797 |      0 |    633 |      1 |   1 |  797.0 |
               +--------+--------+--------+--------+--------+-----+--------+

Top non-repeatable levels by time:
       D: 797 daAuts
